Cogmind - Beta 14 @@@ ROGUE MODE // 2024.08.31 @ 13:11:57 Player: Andru7428 Result: Destroyed by 5N-CHZ(R) with Subdweller Machine Gun Performance ------------- Evolutions (0) 0 Regions Visited (2) 400 Robots Destroyed (34) 170 Value Destroyed (761) 761 Prototype IDs (1) 20 Alien Tech Used (0) 0 Bonus (0) 0 TOTAL SCORE: 1351 Bonus ------- None Cogmind --------- Core Integrity 0/250 Matter 225/300 Energy 280/280 System Corruption 0% Temperature Cool (0) Movement Treading (250) Ox1 Location -10/Subcaves Parts ------- > --- POWER (1) -------- Heavy Ion Engine > --- PROPULSION (2) --- Light Treads Spiked Treads > --- UTILITY (2) ------ High-capacity Storage Unit Light Armor Plating > --- WEAPON (2) ------- Improved Light Cannon Battle Cannon > --- INVENTORY (20) --- Light Treads Large Matter Pod (150) Seismic Detector Light Armor Plating Makeshift Light Armor Plating Makeshift Thermal Plating Scrap Shield Tractor Beam Light Cannon Improved Light Cannon Battle Cannon Rocket Launcher Rocket Launcher Rocket Launcher Subdweller Shrapnel Launcher Hammer Hammer Peak State ------------ > --- POWER ------------ Heavy Ion Engine > --- PROPULSION ------- Light Treads Spiked Treads > --- UTILITY ---------- High-capacity Storage Unit Light Armor Plating > --- WEAPON ----------- Improved Light Cannon Battle Cannon > --- INVENTORY -------- Light Treads Large Matter Pod Seismic Detector Light Armor Plating Light Armor Plating Makeshift Light Armor Plating Makeshift Thermal Plating Scrap Shield Tractor Beam Light Cannon Improved Light Cannon Improved Light Cannon Battle Cannon Rocket Launcher Rocket Launcher Rocket Launcher Subdweller Shrapnel Launcher Hammer Hammer [Rating: 15] Favorites ----------- Power Heavy Ion Engine Engine Heavy Ion Engine Propulsion Light Treads Treads Light Treads Utility High-capacity Storage Unit Device Seismic Detector Storage High-capacity Storage Unit Protection Light Armor Plating Weapon Improved Light Cannon Energy Gun Small Laser Ballistic Gun Assault Rifle Ballistic Cannon Improved Light Cannon Launcher Rocket Launcher Build | -11 -10 -10 ------- Run | Yrd Mat Sub Slots Evolved . | . . . Power . | . . . Propulsion . | . . . Utility . | . . . Weapon . | . . . Parts Attached 33 | 7 17 9 Power 6 | 1 5 . Engine 6 | 1 5 . Core . | . . . Reactor . | . . . Propulsion 6 | 2 2 2 Treads 6 | 2 2 2 Leg . | . . . Wheel . | . . . Hover . | . . . Flight . | . . . Utility 9 | 2 4 3 Device 4 | 1 3 . Storage 2 | 1 1 . Processor . | . . . Hackware . | . . . Protection 3 | . . 3 Artifact . | . . . Weapon 12 | 2 6 4 Energy Gun 1 | 1 . . Energy Cannon . | . . . Ballistic Gun 3 | 1 2 . Ballistic Cannon 6 | . 3 3 Launcher 2 | . 1 1 Special Weapon . | . . . Impact Weapon . | . . . Slashing Weapon . | . . . Piercing Weapon . | . . . Special Melee Weapon . | . . . Unidentified Prototypes 1 | . 1 . Parts Lost 6 | . 3 3 Power . | . . . Propulsion 2 | . 1 1 Utility 3 | . 1 2 Weapon 1 | . 1 . Highest Loss Streak 1 | . 1 1 To Critical Strikes . | . . . Average Slot Usage (%) 99 | . 98 99 Engine 14 | . 14 14 Treads 27 | . 26 28 Device 6 | . 13 . Storage 14 | . 14 14 Protection 7 | . . 13 Energy Gun 1 | . 2 . Ballistic Gun 1 | . 2 . Ballistic Cannon 25 | . 21 28 Peak Build Rating 15 | 7 14 15 Average Rating 12 | 4 11 13 On Entrance 6 | . 7 13 Naked Turns . | . . . Heaviest Build 59 | 11 57 59 Greatest Support 40 | 40 40 40 Greatest Overweight (x) 1 | 1 1 1 Average Overweight (x) . | . . 1 Largest Inventory Capacity 20 | 8 20 20 Average Capacity 16 | 7 12 20 Most Carried 20 | 6 17 20 Average Carried 14 | 4 9 19 Final Capacity 20 | 8 20 20 Final Carried 18 | 6 17 18 Class Distribution -------------------- 100% | Mutant Dominant Class ---------------- Mutant | -10/Materials Mutant | -10/Subcaves Resources | -11 -10 -10 ----------- Run | Yrd Mat Sub Matter Collected 1313 | 236 778 299 Remotely . | . . . Salvage Created 978 | 18 765 195 Parts 77 | 5 57 15 Haulers Intercepted 2 | . 2 . Recyclers Shooed . | . . . Parts Field Recycled . | . . . Retrieved Matter . | . . . Parts Self-Destructed 12 | . . 12 Prevented . | . . . Kills | -11 -10 -10 ------- Run | Yrd Mat Sub Combat Hostiles Destroyed 22 | . 14 8 Guns 9 | . 9 . Cannons 11 | . 5 6 AOE 2 | . . 2 Classes Destroyed 10 | 1 7 2 Worker 2 | . 2 . Builder 1 | . 1 . Tunneler 1 | 1 . . Hauler 2 | . 2 . Recycler 4 | . 4 . Operator 2 | . 2 . Swarmer 5 | . 3 2 Grunt 11 | . 11 . Cobbler 1 | . . 1 Subdweller 6 | . . 6 Best Kill Streak 3 | 1 3 2 Combat Bots Only 3 | . 3 2 Max Kills in Single Turn 2 | 1 2 1 Gunslinging . | . . . Exploded 1 | . . 1 Melee . | . . . Uniques/NPCs Destroyed . | . . . Combat | -11 -10 -10 -------- Run | Yrd Mat Sub Hostile Shots Fired 151 | . 89 62 Missed 35 | . 20 15 Damage Taken 2023 | . 879 1144 Core 254 | . 107 147 Absorbed by Shields . | . . . Core Remaining (%) 100 | 100 . . Volleys Fired 134 | 7 91 36 Largest 2 | 2 2 2 Hottest 78 | 60 78 78 Shots Fired 256 | 14 177 65 Gun 106 | 14 92 . Cannon 145 | . 82 63 Launcher 5 | . 3 2 Special . | . . . Kinetic 199 | 7 129 63 Thermal 52 | 7 45 . Explosive 5 | . 3 2 Electromagnetic . | . . . Robot Hit Streak 10 | 3 8 10 Robot Miss Streak 6 | 2 6 3 Penetration Max . | . . . Secondary Targets . | . . . Shots Hit Robots 157 | 6 106 45 Core Hits 58 | 2 39 17 Critical Kills . | . . . Critical Parts Destroyed . | . . . Critical Strikes 10 | . 5 5 Blast 10 | . 5 5 Melee Attacks . | . . . Impact . | . . . Slashing . | . . . Piercing . | . . . Sneak Attacks . | . . . Combat Hostiles . | . . . Follow-up Attacks . | . . . Damage Inflicted 2943 | 59 1832 1052 Guns 822 | 58 764 . Cannons 1906 | . 950 956 Explosions 139 | . 43 96 Melee . | . . . Ramming 76 | 1 75 . Kinetic 2330 | 24 1350 956 Thermal 398 | 34 364 . Explosive 139 | . 43 96 Electromagnetic . | . . . Impact . | . . . Slashing . | . . . Piercing . | . . . Highest Corruption . | . . . Average Corruption . | . . . Corruption Purged . | . . . Corruption Blocked . | . . . Overload Shots . | . . . Overflow Damage 34 | . 27 7 Projectiles 11 | . 4 7 Explosions 23 | . 23 . Melee . | . . . Knockbacks 23 | . 14 9 Impact 1 | . 1 . Kinetic 20 | . 12 8 Secondary 2 | . 1 1 Self-Inflicted Damage 116 | . 87 29 Shots 3 | . 2 1 Rammed 15 | 1 14 . Targets Rammed 15 | 1 14 . Kicked . | . . . Crushed . | . . . Highest Temperature 230 | 40 230 2 Average Temperature 26 | 25 27 2 Received Heat Transfer 468 | . 372 96 Siege Activations . | . . . Robots Corrupted . | . . . Combat Hostiles . | . . . Parts Fried . | . . . Impact Corruptions . | . . . Robots Melted . | . . . Combat Hostiles . | . . . Parts Melted . | . . . Heat Transferred 875 | 75 800 . Parts Sabotaged . | . . . Parts Stolen . | . . . Parts Stripped . | . . . Power Chain Reactions . | . . . Alert | -11 -10 -10 ------- Run | Yrd Mat Sub Peak Influence 218 | 5 218 . Initial 3 | . 3 . Average 68 | . 70 . Maximum Alert Level 1 | . 1 . Low Security (%) 99 | 100 99 . Level 1 . | . . . Level 2 . | . . . Level 3 . | . . . Level 4 . | . . . Level 5 . | . . . High Security . | . . . Max Security . | . . . Squads Dispatched 4 | . 4 . Investigation 1 | . 1 . Extermination . | . . . Reinforcement 3 | . 3 . Assault . | . . . Garrison . | . . . Intercept . | . . . Searches Triggered . | . . . Construction Impeded . | . . . Haulers Reinforced . | . . . Active Scanning Responses . | . . . Cargo Convoy Interrupts . | . . . Stealth | -11 -10 -10 --------- Run | Yrd Mat Sub Distress Signals 3 | . 3 . Communications Jammed . | . . . Distress Signals . | . . . Times Spotted 67 | . 52 15 Peak Tracking Total 4 | . 4 2 Tactical Retreats 16 | . 12 4 Traps | -11 -10 -10 ------- Run | Yrd Mat Sub Traps Triggered 1 | . . 1 Indirectly . | . . . Trap Hack Attempts . | . . . Triggered . | . . . Disarmed . | . . . Reprogrammed . | . . . Reused . | . . . Traps Extracted . | . . . Installed 1 | . . 1 Triggered 2 | . . 2 Most Traps Carried 1 | . . 1 Machines | -11 -10 -10 ---------- Run | Yrd Mat Sub Machines Disabled 1 | . 1 . Max in Single Turn 1 | . 1 . Machines Repaired . | . . . Machines Dismantled . | . . . Machines Sabotaged . | . . . Overloaded Fab Kills . | . . . Hacking | -11 -10 -10 --------- Run | Yrd Mat Sub Machines Accessed 9 | . 7 2 Terminals 5 | . 5 . Fabricators . | . . . Repair Stations . | . . . Recycling Units 2 | . 2 . Scanalyzers . | . . . Garrison Access . | . . . Total Hacks 24 | . 21 3 Successful 13 | . 10 3 Failed 10 | . 10 . Catastrophic 2 | . 2 . Database Lockouts 1 | . 1 . Manual 21 | . 21 . Terminals 18 | . 18 . Fabricators . | . . . Repair Stations . | . . . Recycling Units 3 | . 3 . Scanalyzers . | . . . Garrison Access . | . . . Terminal Hacks 6 | . 3 3 Record 2 | . . 2 Robot Analysis 1 | . 1 . Open Door 1 | . . 1 Unreport Threat 1 | . 1 . Locate Traps 1 | . 1 . Fabricator Hacks . | . . . Repair Station Hacks . | . . . Recycling Unit Hacks 1 | . 1 . Retrieve Components 1 | . 1 . Scanalyzer . | . . . Garrison Access Hacks . | . . . Unauthorized Hacks 6 | . 6 . Terminals 4 | . 4 . Assimilate 1 | . 1 . Botnet 2 | . 2 . Skim 1 | . 1 . Fabricators . | . . . Repair Stations . | . . . Recycling Units 2 | . 2 . Reject 1 | . 1 . Tunnel 1 | . 1 . Scanalyzers . | . . . Garrison Access . | . . . Data Cores Recovered 2 | . 2 . Used 1 | . 1 . Hacking Detections 6 | . 6 . Full Trace Events . | . . . Feedback Events . | . . . Feedback Blocked . | . . . Robot Schematics Acquired . | . . . Robots Built . | . . . Authchips . | . . . Time . | . . . Total Robot Build Rating . | . . . Part Schematics Acquired . | . . . Parts Built . | . . . Authchips . | . . . Time . | . . . Total Part Build Rating . | . . . Parts Repaired . | . . . Time . | . . . Parts Recycled . | . . . Recycled Matter . | . . . Retrieved Matter . | . . . Retrieved Components 9 | . 9 . Parts Scanalyzed . | . . . Part Schematics Acquired . | . . . Parts Damaged . | . . . Bothacking | -11 -10 -10 ------------ Run | Yrd Mat Sub Used RIF Installer . | . . . Robots Hacked . | . . . Non-combat . | . . . Combat . | . . . Robot Hacks Applied . | . . . Relay Couplers Released . | . . . Fabnet Peak Effective % . | . . . Robots Rewired . | . . . Allies Hacked . | . . . Hacks Repelled . | . . . Allies | -11 -10 -10 -------- Run | Yrd Mat Sub Total Allies . | . . . Largest Group . | . . . Highest-Rated Group . | . . . Highest-Rated Ally . | . . . Total Orders . | . . . Ally Attacks . | . . . Total Damage . | . . . Kills . | . . . Allies Corrupted . | . . . Allies Melted . | . . . Intel | -11 -10 -10 ------- Run | Yrd Mat Sub Robot Analysis Total 1 | . 1 . Derelict Logs Recovered 2 | . . 2 Drone Launches . | . . . Drone Recoveries . | . . . Exploration | -11 -10 -10 ------------- Run | Yrd Mat Sub Turns Passed 6504 | 100 2891 3513 Spaces Moved 2698 | 43 1257 1398 Core 7 | 7 . . Treads 2691 | 36 1257 1398 Legs . | . . . Wheels . | . . . Hover . | . . . Flight . | . . . Fastest Speed 50 | 50 160 240 Average Speed 217 | 147 193 241 Slowest Speed 250 | 160 240 250 Overloaded Moves . | . . . Propulsion Burnouts . | . . . Robots Hopped . | . . . Cave-ins Triggered . | . . . Exploration Rate (%) 60 | 4 99 78 Regions Visited 2 Branch Regions 1 Pre-discovered Areas 3 | . 1 2 Known Exits Taken . | . . . Unknown Exits Taken 2 | 1 1 . Scrap Searched 9 | . . 9 Spaces Dug 21 | . 21 . Terrain Destroyed 46 | . 31 15 Melee . | . . . Projectile 11 | . 10 1 AOE 35 | . 21 14 Terrain Rammed . | . . . Walls Destroyed . | . . . Machines Disabled . | . . . Actions | -11 -10 -10 --------- Run | Yrd Mat Sub Total 3068 | 63 1539 1466 Wait 131 | . 120 11 Move 2697 | 43 1256 1398 Hop . | . . . Pick Up 33 | 6 21 6 Fast Attach 14 | 7 7 . Attach 4 | . 1 3 Detach . | . . . Swap 15 | . 9 6 Drop 25 | . 20 5 Fire 134 | 7 91 36 Melee . | . . . Ram . | . . . Kick . | . . . Crush 14 | . 14 . Escape Stasis . | . . . Rewire . | . . . Trap 1 | . . 1 Miscellaneous . | . . . Route ------- -11/Scrapyard -10/Materials (discovered 5 exits: [*Mat x3] / [*Min] / *Sub) -10/Subcaves (discovered 1 exit: [*Mat]) History --------- Turn | Location | Event 12 | -11/Scrapyard | Discovered new exit (range 16) 101 | -11/Scrapyard | Entered Materials 317 | -10/Materials | Build established: Mutant 518 | -10/Materials | Central database locked down 519 | -10/Materials | Discovered new exit (range 7) 644 | -10/Materials | Discovered new exit (range 15) 1039 | -10/Materials | Discovered new exit (range 13) 1187 | -10/Materials | Discovered new exit (range 16) 2978 | -10/Materials | Discovered new exit (range 7) 2992 | -10/Materials | Entered Subcaves 3010 | -10/Subcaves | Core integrity fell below 50% 3057 | -10/Subcaves | Learned location of Zion (-7) 3522 | -10/Subcaves | Visited Clippyterm 3529 | -10/Subcaves | Learned Research machine intel 3726 | -10/Subcaves | Ambushed by Subdwellers from Twisted Machinery 4232 | -10/Subcaves | Discovered new exit (range 12) 5857 | -10/Subcaves | Shifting Twisted Machinery released Shrapnel Trap 6041 | -10/Subcaves | Shifting Twisted Machinery released Battle Rifle 6066 | -10/Subcaves | Shifting Twisted Machinery released Mak. Thermal Plating 6073 | -10/Subcaves | Shifting Twisted Machinery released Sub. Optics 6476 | -10/Subcaves | Core integrity fell below 20% 6505 | -10/Subcaves | Destroyed by 5N-CHZ(R) with Subdweller Machine Gun Last Messages --------------- 05867_ Subatomizers dissect the Sub. Power Source, destroying it. 05874_ Dropped Lgt. Treads. 05976_ Dropped Imp. Light Cannon. 05976_ Acquired Shrapnel Trap. Battle Rifle falls loose from the Twisted Machinery. Mak. Thermal Plating falls loose from the Twisted Machinery. Sub. Optics falls loose from the Twisted Machinery. 06294_ VU-Z7B(u) deconstructs Twisted Machinery. 06413_ Connecting with UFD SUBCON Station... >>Open Door Sealed Heavy Doors opened. 06473_ Dropped Shrapnel Trap. 06474_ Installed Shrapnel Trap. 06479_ Lgt. Armor Plating destroyed. 06481_ 5N-CHZ(R) Disposable Heat Sink blasted off. 06490_ Subatomizers dissect the Disposable Heat Sink. 06497_ VU-Z7B(u) tweaks Twisted Machinery. 06503_ WJ-32V(R) Disposable Heat Sink blasted off. 06503_ WJ-32V(R) knocked back. 06504_ Subatomizers dissect the Disposable Heat Sink. Map ----- +----------------------------------------------------+ | ????????????????# " #????????????? | | ????????????????# ## # ""##????????????? | | ???????????????# ### #### "##?????????????? | | ???????????????# ##?## #??# #?????????????? | | ?????????????? #????# ###??# ##?????????????? | | ???????????? ????## ##??### #?????????????? | | ??????????? ????# ## #?????????????? | | ?????????? #?????????????? | | ?????????? ## # ## # ##?????????????? | | ?????????? ?# ###?### #?????????????? | | ???????????? ??#?? ??????## ##?????????????? | | ?????????????????? ??????# ##?????????????? | | ????????????????? ??????# #?????????????? | | ?????????????????? #########?# # #?????????????? | | ???????????????????????## #?### ###???????????? | | ????????????????????#### ### ##??????????? | | ????????????????????# #??????????? | | ????????????????????# #??????????? | | ????????????????????# %% ##??????????? | | ???????????????????### #???????????? | | ???????????????????#R; R#;### ## #???????????? | | ??????????????????## ! ####?# #???????????? | | ??????????????????# % ##??## #???????????? | | ????????????????#### #??# ##???????????? | | ???????########## ##??# #???????????? | | ???????#"" "#"X### @ #???## ##???????????? | | ???????#"" ## #?### ###??????????? | | ???????#"" "#" # ##?# #??????????? | | ???????#"" "#" # # u#### ##??????????? | | ???????#"X "### ; # # """#???????????? | | ???????#"""""#?## ;; ; ""#???????????? | | ???????#######??#;; "##???????????? | | ????????????????# ;;; ##"##" ##????????????? | | ????????????????# ; ### ###### ##?????????????? | | ????????????????######### #???###??????????????? | | ?????????????????????# #????????????????????? | | ????????????????????# #????????????????????? | | ????????????????????# # #????????????????????? | | ????????????????????# ## ##????????????????????? | | ????????????????????# ??# #?????????????????????? | | ???????????????????? ???# #?????????????????????? | | ??????????????????? ??? #?????????????????????? | | ??????????????????##???? ?????????????????????? | | ????????????????????????# "?????????????????????? | | ?????????????????????????#""?????????????????????? | | ??????????????????????????""?????????????????????? | | ??????????????????????????" ?????????????????????? | | ?????????????????????????????????????????????????? | | ?????????????????????????????????????????????????? | | ?????????????????????????????????????????????????? | +----------------------------------------------------+ Best States ------------- Heat Dissipation 39 Energy Generation 14 Energy Capacity 280 Matter Stores 300 Matter Capacity 300 Sight Range 16 Terrain Scan Density 10 Armor Coverage 150 Evasion (%) 40 Recoil Reduction 2 Item Schematics ----------------- None Robot Schematics ------------------ None Fabricated ------------ Nothing Alien Tech Used ----------------- None Achievements -------------- None Challenges ------------ None Game ------ Seed AmuletMomentumScanner Manual? 0 Play Time 00:22:46 Cumulative 251.3 hours Start 2024.08.31 @ 12:49:31 End 2024.08.31 @ 13:11:57 Sessions 1 Manual Loads 0 Difficulty Rogue Special Mode None Game No. 184 Rogue 184 Adventurer 0 Explorer 0 Win Type - Total 4 Types 4/0/0/0/0/0/0/0/0 Lore% 60 Gallery% 75 Achievement% 62 Wizard Run 0 Options --------- Layout 0 ASCII 0 Keyboard 1 Movement Numpad Keybinds 0 Fullscreen 2 Font 18/SmallcapsGlow Map View 76x50 Zoom Use 0% Tactical HUD 1 Map Filters NONE Filters NONE Steam 1 RUN: d2efed9f-2273-4305-9d22-1c3a415b6df7